 Dungeon Crawl Stone Soup version 0.32-a0-42-ga30500b4d3 (webtiles) character file.

Game seed: 4395808081177028045

984 whatisthis the Slasher (level 8, 0/81 (94) HPs)
             Began as a Gnoll Reaver on Feb 1, 2024.
             Slain by a wight
             ... wielding a +3 battleaxe of freezing
              (2 damage)
             ... on level 5 of the Dungeon.
             The game lasted 00:13:36 (5228 turns).

whatisthis the Slasher (Gnoll Reaver)               Turns: 5228, Time: 00:13:37

HP:   0/81 (94)     AC: 24    Str: 12      XL:     8   Next: 17%
MP:   17/17         EV:  2    Int: 11 (12) God:
Gold: 220           SH:  0    Dex: 11 (13) Spells: 18/19 levels left

rFire   . . .        e - +3 long sword
rCold   . . .        (no shield)
rNeg    . . .        b - melded +0 leather armour
rPois   +            y - melded +1 hat
rElec   .            (cloak currently unavailable)
rCorr   .            (gloves currently unavailable)
SInv    .            (boots currently unavailable)
Will    .....        (no amulet)
Stlth   ++           (no ring)
HPRegen 0.33/turn    (no ring)
MPRegen 0.15/turn

%: no passive effects
@: tree-form, heavily drained
A: stationary, stasis, torment immunity, boosted hp, (fangs 1), strong nose,
distributed training
a: no special abilities


You were on level 5 of the Dungeon.
You were a tree.
You visited 1 branch of the dungeon, and saw 6 of its levels.

You collected 220 gold pieces.

Inventory:

Hand Weapons
 e - a +3 long sword (weapon)
 i - a +2 flail of protection
 x - a +2 sling of freezing
Missiles
 k - 4 boomerangs
 p - 2 datura-tipped darts
 u - 4 poisoned darts (quivered)
Armour
 b - a +0 leather armour (melded)
 y - a +1 hat (melded)
Scrolls
 f - a scroll of butterflies {unknown}
 g - a scroll of immolation {unknown}
 o - a scroll of amnesia {unknown}
 r - a scroll of vulnerability {unknown}
 s - 3 scrolls of identify {unknown}
 t - a scroll of poison {unknown}
 v - a scroll of fear {unknown}
 z - 2 scrolls of enchant weapon {unknown}
 A - a scroll of blinking {unknown}
Potions
 c - a potion of lignification
 d - a potion of enlightenment {unknown}
 h - 2 potions of curing {unknown}
 j - a potion of mutation {unknown}
 l - a potion of berserk rage {unknown}
 m - a potion of heal wounds {unknown}
 q - 2 potions of might {unknown}
 w - a potion of brilliance {unknown}
 B - a potion of attraction {unknown}


   Skills:
 + Level 5.6 Fighting
 + Level 3.1 Short Blades
 + Level 7.3 Long Blades
 + Level 3.1 Axes
 + Level 3.1 Maces & Flails
 + Level 3.1 Polearms
 + Level 3.1 Staves
 + Level 3.1 Ranged Weapons
 + Level 3.1 Throwing
 + Level 3.1 Armour
 + Level 5.6 Dodging
 + Level 3.1 Stealth
 + Level 3.1 Shields
 + Level 3.1 Unarmed Combat
 + Level 6.0 Spellcasting
 + Level 6.1 Conjurations
 + Level 2.5 Hexes
 + Level 2.5 Summonings
 + Level 2.5 Necromancy
 + Level 2.5 Translocations
 + Level 2.5 Fire Magic
 + Level 2.5 Ice Magic
 + Level 2.5 Air Magic
 + Level 2.5 Earth Magic
 + Level 2.5 Alchemy
 + Level 3.4 Invocations
 + Level 3.1 Evocations
 + Level 2.8 Shapeshifting


You had 18 spell levels left.
You knew the following spells:

 Your Spells              Type           Power      Damage    Failure   Level
a - Kiss of Death         Conj/Necr      48%        2d9       3%          1

Your spell library contained the following spells:

 Spells                   Type           Power      Damage    Failure   Level
 Momentum Strike          Conj/Tloc      24%        3d8       4%          2
 Static Discharge         Conj/Air       24%        3-4/arc   4%          2
 Hailstorm                Conj/Ice       12%        3d6       10%         3
 Cigotuvi's Dreadful Rot  Necr/Alch/Air  16%        N/A       11%         2
 Confusing Touch          Hex            8%         N/A       21%         3
 Tukima's Dance           Hex            8%         N/A       21%         3
 Iskenderun's Mystic Bla  Conj/Tloc      12%        2d5       32%         4
 Airstrike                Air            4%         2d(1-17)  56%         4
 Dimensional Bullseye     Hex/Tloc       4%         N/A       56%         4
 Dispel Undead            Necr           8%         3d8       56%         4
 Ignite Poison            Fire/Alch      8%         N/A       56%         4
 Olgreb's Toxic Radiance  Alch           8%         N/A       56%         4
 Summon Lightning Spire   Summ/Air       8%         N/A       56%         4
 Freezing Cloud           Conj/Ice/Air   5%         6-21      75%         5
 Ozocubu's Refrigeration  Ice            4%         4d8       100%        7
 Discord                  Hex            4%         N/A       100%        8


Dungeon Overview and Level Annotations

Branches:
Dungeon (6/15)
 Temple: D:4-7

Altars:
Elyvilon
Zin
The Shining One

Shops:
D:5 (

Annotations:
D:3 1 runed translucent door, cowhearter's ghost, amateur DsGl
D:4 Natasha
D:5 Eustachio; Menkaure; Sigmund


Innate Abilities, Weirdness & Mutations

You are a tree.
Your roots penetrate the ground, keeping you stationary.
You cannot be teleported.
You are immune to unholy pain and torment.
Your maximum health is greatly increased.
Your equipment is partially melded.
((You have very sharp teeth.))
Your uncanny sense of smell can sniff out nearby items.
Your experience applies equally to all skills.


Message History

* * * LOW HITPOINT WARNING * * *
You climb upwards.
Level annotation: Eustachio; Menkaure; Sigmund
There is a stone staircase leading down here.
Unknown command.
It was a potion of lignification.
You turn into a tree.
Your +1 hat melds into your body.
Your +0 leather armour melds into your body.
Your roots penetrate the ground.
The wight hits you with a +3 battleaxe of freezing.
* * * LOW HITPOINT WARNING * * *
You feel drained.
* * * LOW HITPOINT WARNING * * *
The wight freezes you.
* * * LOW HITPOINT WARNING * * *
You hit the wight.
The wight is lightly damaged.
The wight hits you but does no damage.
You hit the wight.
The wight is moderately damaged.
The wight hits you but does no damage.
You hit the wight but do no damage.
The wight is moderately damaged.
The wight hits you with a +3 battleaxe of freezing.
* * * LOW HITPOINT WARNING * * *
You feel drained.
* * * LOW HITPOINT WARNING * * *
The wight freezes you.
* * * LOW HITPOINT WARNING * * *
You slash the wight!
The wight is severely damaged.
The wight barely misses you.
You barely miss the wight.
The wight is severely damaged.
The wight hits you with a +3 battleaxe of freezing.
* * * LOW HITPOINT WARNING * * *
You feel drained.
* * * LOW HITPOINT WARNING * * *
The wight freezes you.
You die...

.####.....# ###### #######
.######.#.# ### ........#.####
####.#### ........#....#
#.......# .######.#.##.#
#....#### .##..........#
#..#.##.# .##.###.##.#.##
#..#....# #####
..........<...###.....#######.#.#
.##.#.#.#####..)♣...........#.#.#
.##.###.########.z.#.######.#.#.#
.##................#.....##.#.#.#
.##..#.########....#####.##.#.#.#
.#.....# #....#####....#.#.#
.###...# #....#...)#####.#.# ##
#...# #....#.##.......#.# #...#
#....#.##########.# #...#
#....#..........[.#


You could see a wight.

Vanquished Creatures
  A black bear (D:5)
  A phantom (D:6)
  2 bullfrogs (D:6)
  A scorpion (D:5)
  2 wights
  A bombardier beetle (D:5)
  4 orc priests
  Jessica (D:3)
  2 iguanas
  2 orc wizards (D:3)
  8 gnolls
  7 adders
  A dart slug (D:4)
  4 ribbon worms
  12 orcs
  4 endoplasms
  7 giant cockroaches
  7 goblins
  5 hobgoblins
  11 jackals
  11 kobolds
  2 quokkas
  3 ball pythons
  6 bats
  2 frilled lizards (D:1)
  4 rats
111 creatures vanquished.

Notes
Turn   | Place    | Note
-------+----------+-------------------------------------------
     0 | D:1      | whatisthis the Gnoll Reaver began the quest for the Orb.
     0 | D:1      | Reached XP level 1. HP: 20/20 MP: 6/6
   266 | D:1      | Reached XP level 2. HP: 26/26 MP: 7/7
   600 | D:1      | Reached skill level 5 in Spellcasting
   600 | D:1      | Reached XP level 3. HP: 31/31 MP: 7/9
   953 | D:1      | Reached skill level 1 in Invocations
  1026 | D:1      | Reached skill level 1 in Short Blades
  1026 | D:1      | Reached skill level 1 in Axes
  1026 | D:1      | Reached skill level 1 in Maces & Flails
  1026 | D:1      | Reached skill level 1 in Polearms
  1026 | D:1      | Reached skill level 1 in Staves
  1026 | D:1      | Reached skill level 1 in Ranged Weapons
  1026 | D:1      | Reached skill level 1 in Throwing
  1026 | D:1      | Reached skill level 1 in Armour
  1026 | D:1      | Reached skill level 1 in Stealth
  1026 | D:1      | Reached skill level 1 in Shields
  1026 | D:1      | Reached skill level 1 in Unarmed Combat
  1026 | D:1      | Reached skill level 1 in Evocations
  1282 | D:2      | Reached skill level 1 in Shapeshifting
  1282 | D:2      | Reached XP level 4. HP: 36/38 MP: 11/11
  1289 | D:2      | Found a faded altar of an unknown god.
  1530 | D:2      | Reached skill level 1 in Hexes
  1530 | D:2      | Reached skill level 1 in Summonings
  1530 | D:2      | Reached skill level 1 in Necromancy
  1530 | D:2      | Reached skill level 1 in Translocations
  1530 | D:2      | Reached skill level 1 in Fire Magic
  1530 | D:2      | Reached skill level 1 in Ice Magic
  1530 | D:2      | Reached skill level 1 in Air Magic
  1530 | D:2      | Reached skill level 1 in Earth Magic
  1530 | D:2      | Reached skill level 1 in Alchemy
  2038 | D:2      | Reached XP level 5. HP: 35/43 MP: 12/12
  2275 | D:3      | Found a runed translucent door.
  2422 | D:3      | Found a glowing silver altar of Zin.
  2425 | D:3      | Found a white marble altar of Elyvilon.
  2426 | D:3      | Found a glowing golden altar of the Shining One.
  2464 | D:3      | Noticed cowhearter's ghost (amateur DsGl)
  2798 | D:3      | Noticed Jessica
  2808 | D:3      | Killed Jessica
  2809 | D:3      | Reached XP level 6. HP: 50/50 MP: 13/13
  3034 | D:3      | Reached skill level 5 in Fighting
  3034 | D:3      | Reached skill level 5 in Dodging
  3334 | D:4      | Noticed Natasha
  4024 | D:5      | Entered Level 5 of the Dungeon
  4092 | D:5      | Noticed a black bear
  4110 | D:5      | Reached skill level 7 in Long Blades
  4110 | D:5      | Reached XP level 7. HP: 27/56 MP: 15/15
  4237 | D:5      | Noticed Menkaure
  4533 | D:5      | Noticed Sigmund
  4535 | D:5      | Noticed Eustachio
  4566 | D:5      | Found Jehegaji's Weapon Shoppe.
  4959 | D:6      | Reached XP level 8. HP: 54/63 MP: 16/16
  5228 | D:5      | HP: 3/82 [wight/+3 battleaxe of freezing (4)]
  5228 | D:5      | Slain by a wight

Illustrated notes

Levels and vault maps discovered:
D:1:      tarquinn_simple_flora_water_b, layout_basic
D:2:      minmay_spotlight, layout_rooms, shapermc_ecumenical_altar_gd
D:3:      layout_rooms, good_gods_temple_1, ebering_ghost_reflecting_pool,
          hangedman_decor_peaks_small, minivault_27, kennysheep_generic_room_6,
          uniq_jessica
D:4:      layout_loops_ring, hangedman_decor_diamond_cutter, uniq_natasha
D:5:      layout_basic, chequers_ossuary_entry_cave, serial_shops,
          nicolae_shop_just_a_little_nook, uniq_eustachio, uniq_menkaure,
          uniq_sigmund
D:6:      layout_loops_ring

Skill      XL: |  1  2  3  4  5  6  7  8 |
---------------+-------------------------+-----
Spellcasting   | 5 6 |  6.0
Invocations    | 1 2 3 |  3.4
Short Blades   | 1 2 3 |  3.1
Axes           | 1 2 3 |  3.1
Maces & Flails | 1 2 3 |  3.1
Polearms       | 1 2 3 |  3.1
Staves         | 1 2 3 |  3.1
Ranged Weapons | 1 2 3 |  3.1
Throwing       | 1 2 3 |  3.1
Armour         | 1 2 3 |  3.1
Stealth        | 1 2 3 |  3.1
Shields        | 1 2 3 |  3.1
Unarmed Combat | 1 2 3 |  3.1
Evocations     | 1 2 3 |  3.1
Shapeshifting  | 1 2 |  2.8
Hexes          | 1 2 |  2.5
Summonings     | 1 2 |  2.5
Necromancy     | 1 2 |  2.5
Translocations | 1 2 |  2.5
Fire Magic     | 1 2 |  2.5
Ice Magic      | 1 2 |  2.5
Air Magic      | 1 2 |  2.5
Earth Magic    | 1 2 |  2.5
Alchemy        | 1 2 |  2.5
Fighting       | 5 |  5.6
Dodging        | 5 |  5.6
Long Blades    | 7 |  7.3
Conjurations   | 6 |  6.1

Action                     |  1- 3 |  4- 6 |  7- 9 || total
---------------------------+-------+-------+-------++-------
  Melee: Falchion          |   104 |       |       ||   104
         Bite              |    15 |    20 |    12 ||    47
         Punch             |     1 |     4 |     1 ||     6
         Flail             |     8 |   206 |    41 ||   255
         Long sword        |       |       |    33 ||    33
   Fire: Sling             |       |    31 |       ||    31
  Throw: Throwing net      |     1 |       |       ||     1
         Dart              |       |    15 |    18 ||    33
    Use: Scroll            |     1 |     2 |     1 ||     4
         Potion            |       |       |     2 ||     2
   Stab: Held in net/web   |     1 |       |       ||     1
         Sleeping          |       |     4 |       ||     4
 Armour: Leather armour    |    63 |   137 |    69 ||   269
         Skin              |       |       |     5 ||     5
  Dodge: Dodged            |   104 |   186 |    47 ||   337

Table legend: (Time is in decaauts)
 A = Elapsed time spent in this place.
 B = Non-inter-level travel time spent in this place.
 C = Inter-level travel time spent in this place.
 D = Time resting spent in this place.
 E = Time spent auto-exploring this place.
 F = Levels seen in this place.
 G = Mean time per level.
                   A        B        C        D        E       F      G
               +--------+--------+--------+--------+--------+-----+--------+
         Total |   5324 |   5044 |    280 |   1464 |   1669 |   6 |  887.3 |
       Dungeon |   5324 |   5044 |    280 |   1464 |   1669 |   6 |  887.3 |
               +--------+--------+--------+--------+--------+-----+--------+

Top non-repeatable levels by time:
     D:1: 1363 daAuts
     D:2: 1032 daAuts
     D:3: 968 daAuts
     D:5: 787 daAuts
     D:4: 742 daAuts
     D:6: 430 daAuts
